TOP OF THE 1ST |
Victoria Capitals batting - Pitching for Oakland Oaks : RHP Corbin Schenn
|
Pitching: RHP Corbin Schenn
|
|
Batting: RHB John Vasquez
|
0-0: Called Strike 0-1: Swinging Strike 0-2: Strikes out swinging
|
Batting: RHB Enrique Valdez
|
0-0: Ball 1-0: Foul Ball, location: 2F 1-1: Called Strike 1-2: DOUBLE (Flyball, 89D, EV 93.1 MPH)
|
Batting: RHB Mike Conaway
|
0-0: Ball 1-0: Ground out 6-3 (Groundball, 6, EV 105.0 MPH)
|
Batting: SHB Ray Skogen
|
0-0: Foul Ball, location: 2F 0-1: Foul Ball, location: 2F 0-2: Foul Ball, location: 2F 0-2: Foul Ball, location: 2F 0-2: Ball 1-2: Strikes out looking
|
Top of the 1st over - 0 runs, 1 hit, 0 errors, 1 left on base; Victoria 0 - Oakland 0 |
BOTTOM OF THE 1ST |
Oakland Oaks batting - Pitching for Victoria Capitals : LHP Andy Mathis
|
Pitching: LHP Andy Mathis
|
|
Batting: RHB Chris Bohm
|
0-0: Foul Ball, location: 2F 0-1: Foul Ball, location: 2F 0-2: Strikes out looking
|
Batting: RHB Larry Clark
|
0-0: Ball 1-0: Called Strike 1-1: Ball 2-1: Ball 3-1: Called Strike 3-2: SINGLE (Groundball, 56S, EV 68.1 MPH) (infield hit)
|
Batting: SHB D.J. Codd
|
0-0: Called Strike 0-1: Called Strike Larry Clark is caught stealing 2nd base 2-4 0-2: Ball 1-2: Foul Ball, location: 2F 1-2: SOLO HOME RUN (Flyball, 7LD, EV 98.8 MPH), Distance : 380 ft
|
Batting: LHB Alejandro Muniz
|
0-0: Called Strike 0-1: SINGLE (Line Drive, 7S, EV 99.4 MPH)
|
Batting: RHB Tim Cordle
|
0-0: Ball 1-0: Ball Pickoff Throw by Catcher to First - Out!
|
Bottom of the 1st over - 1 run, 3 hits, 0 errors, 0 left on base; Victoria 0 - Oakland 1 |
TOP OF THE 2ND |
Victoria Capitals batting - Pitching for Oakland Oaks : RHP Corbin Schenn
|
Batting: LHB Addisu Nyamekye
|
0-0: Fly out, F7 (Flyball, 78XD, EV 93.8 MPH)
|
Batting: RHB Kinzo Yokoyama
|
0-0: Ball 1-0: Ball 2-0: Ball 3-0: Called Strike 3-1: Foul Ball, location: 2F 3-2: Base on Balls
|
Batting: RHB Jose Zuniga
|
0-0: Ball 1-0: Ball 2-0: Foul Ball, location: 2F 2-1: Ball 3-1: Grounds into double play, 5-4-3 (Groundball, 5S, EV 87.5 MPH)
|
Top of the 2nd over - 0 runs, 0 hits, 0 errors, 0 left on base; Victoria 0 - Oakland 1 |
BOTTOM OF THE 2ND |
Oakland Oaks batting - Pitching for Victoria Capitals : LHP Andy Mathis
|
Batting: RHB Tim Cordle
|
0-0: DOUBLE (Flyball, 8LD, EV 97.5 MPH)
|
Batting: RHB Shannon Beck
|
0-0: Fly out, F6 (Flyball, 6D, EV 91.2 MPH)
|
Batting: RHB Travis Robinson
|
0-0: Swinging Strike 0-1: Foul Ball, location: 2F 0-2: Foul Ball, location: 2F 0-2: Strikes out swinging
|
Batting: RHB Tim Anderson
|
0-0: Ground out 6-3 (Groundball, 6, EV 83.1 MPH)
|
Bottom of the 2nd over - 0 runs, 1 hit, 0 errors, 1 left on base; Victoria 0 - Oakland 1 |
TOP OF THE 3RD |
Victoria Capitals batting - Pitching for Oakland Oaks : RHP Corbin Schenn
|
Batting: RHB Victor Ramirez
|
0-0: Ground out 4-3 (Groundball, 34D, EV 80.0 MPH)
|
Batting: RHB David Greene
|
0-0: Called Strike 0-1: Ball 1-1: Swinging Strike 1-2: Strikes out swinging
|
Batting: RHB John Vasquez
|
0-0: Called Strike 0-1: Ball 1-1: Ball 2-1: Called Strike 2-2: Fly out, F8 (Flyball, 8LXD, EV 104.4 MPH)
|
Top of the 3rd over - 0 runs, 0 hits, 0 errors, 0 left on base; Victoria 0 - Oakland 1 |
BOTTOM OF THE 3RD |
Oakland Oaks batting - Pitching for Victoria Capitals : LHP Andy Mathis
|
Batting: RHB Gojko Golob
|
0-0: Swinging Strike 0-1: Called Strike 0-2: Ball 1-2: Strikes out swinging
|
Batting: RHB Chris Bohm
|
0-0: Ball 1-0: Foul Ball, location: 2F 1-1: Ball 2-1: Ball 3-1: Foul Ball, location: 2F 3-2: Base on Balls
|
Batting: RHB Larry Clark
|
0-0: Ball 1-0: Ball 2-0: SINGLE (Line Drive, 7S, EV 104.4 MPH) Chris Bohm to second
|
Batting: SHB D.J. Codd
|
0-0: Ball 1-0: Ball 2-0: Called Strike 2-1: Ball 3-1: Called Strike 3-2: Base on Balls Chris Bohm to third Larry Clark to second
|
Batting: LHB Alejandro Muniz
|
0-0: Called Strike 0-1: Ball 1-1: SINGLE (Groundball, 6MD, EV 98.1 MPH) Chris Bohm scores Larry Clark to third D.J. Codd to second
|
Batting: RHB Tim Cordle
|
0-0: Grounds out, U3 (Groundball, 3L, EV 90.6 MPH) Larry Clark scores D.J. Codd to third
|
Batting: RHB Shannon Beck
|
0-0: SINGLE (Line Drive, 4D, EV 95.0 MPH) D.J. Codd scores Alejandro Muniz to third Throwing error, E8 Alejandro Muniz scores Shannon Beck to second
|
Batting: RHB Travis Robinson
|
0-0: Ball 1-0: SINGLE (Flyball, 3D, EV 99.4 MPH) Shannon Beck to third
|
Pitching: RHP Bill Porter
|
|
Batting: RHB Tim Anderson
|
0-0: Called Strike 0-1: Fly out, F8 (Line Drive, 8RD, EV 96.9 MPH)
|
Bottom of the 3rd over - 4 runs, 4 hits, 1 error, 2 left on base; Victoria 0 - Oakland 5 |
TOP OF THE 4TH |
Victoria Capitals batting - Pitching for Oakland Oaks : RHP Corbin Schenn
|
Batting: RHB Enrique Valdez
|
0-0: Called Strike 0-1: Ball 1-1: Ball 2-1: Ball 3-1: Fly out, F3 (Popup, 3F, EV 60.0 MPH)
|
Batting: RHB Mike Conaway
|
0-0: Ball 1-0: Ball 2-0: Swinging Strike 2-1: Foul Ball, location: 2F 2-2: Fly out, F6 (Line Drive, 6, EV 75.6 MPH)
|
Batting: SHB Ray Skogen
|
0-0: Called Strike 0-1: SINGLE (Groundball, 6M, EV 108.8 MPH) (infield hit)
|
Batting: LHB Addisu Nyamekye
|
0-0: Foul Ball, location: 2F 0-1: Called Strike 0-2: Foul Ball, location: 2F 0-2: Strikes out swinging, 2-3 out at first.
|
Top of the 4th over - 0 runs, 1 hit, 0 errors, 1 left on base; Victoria 0 - Oakland 5 |
BOTTOM OF THE 4TH |
Oakland Oaks batting - Pitching for Victoria Capitals : RHP Bill Porter
|
Batting: RHB Gojko Golob
|
0-0: Ball 1-0: Called Strike 1-1: Called Strike 1-2: Foul Ball, location: 2F 1-2: Strikes out looking
|
Batting: RHB Chris Bohm
|
0-0: Foul Ball, location: 2F 0-1: Reached on error, E5 (Groundball, 56, EV 81.2 MPH)
|
Batting: RHB Larry Clark
|
0-0: Called Strike 0-1: Ball 1-1: Swinging Strike 1-2: Ball 2-2: Foul Ball, location: 2F 2-2: Foul Ball, location: 2F 2-2: Ball 3-2: Hit by Pitch Chris Bohm to second
|
Batting: SHB D.J. Codd
|
0-0: Ball 1-0: Ball 2-0: Foul Ball, location: 2F 2-1: 3-RUN HOME RUN (Flyball, 7LD, EV 88.8 MPH), Distance : 334 ft
|
Batting: LHB Alejandro Muniz
|
0-0: Ball 1-0: Foul Ball, location: 2F 1-1: Ball 2-1: Ball 3-1: Swinging Strike 3-2: Ground out 4-3 (Groundball, 4, EV 83.8 MPH)
|
Batting: RHB Tim Cordle
|
0-0: Hit by Pitch
|
Batting: RHB Shannon Beck
|
0-0: Called Strike 0-1: Foul Ball, location: 2F 0-2: Strikes out swinging
|
Bottom of the 4th over - 3 runs, 1 hit, 1 error, 1 left on base; Victoria 0 - Oakland 8 |
TOP OF THE 5TH |
Victoria Capitals batting - Pitching for Oakland Oaks : RHP Corbin Schenn
|
Batting: RHB Kinzo Yokoyama
|
0-0: Swinging Strike 0-1: Ball 1-1: Swinging Strike 1-2: Strikes out looking
|
Batting: RHB Jose Zuniga
|
0-0: Called Strike 0-1: Called Strike 0-2: Foul Ball, location: 2F 0-2: Foul Ball, location: 2F 0-2: Ground out 3-1 (Groundball, 34S, EV 88.8 MPH)
|
Batting: RHB Victor Ramirez
|
0-0: Called Strike 0-1: Swinging Strike 0-2: Ball 1-2: Strikes out swinging
|
Top of the 5th over - 0 runs, 0 hits, 0 errors, 0 left on base; Victoria 0 - Oakland 8 |
BOTTOM OF THE 5TH |
Oakland Oaks batting - Pitching for Victoria Capitals : RHP Bill Porter
|
Batting: RHB Travis Robinson
|
0-0: Called Strike 0-1: Swinging Strike 0-2: Foul Ball, location: 2F 0-2: Foul Ball, location: 2F 0-2: SINGLE (Groundball, 25, EV 66.9 MPH) (infield hit)
|
Batting: RHB Tim Anderson
|
0-0: Grounds into double play, 5-4-3 (Groundball, 56, EV 103.8 MPH)
|
Batting: RHB Gojko Golob
|
0-0: Foul Ball, location: 2F 0-1: Ball 1-1: Foul Ball, location: 2F 1-2: Ball 2-2: DOUBLE (Line Drive, 8RD, EV 106.2 MPH)
|
Batting: RHB Chris Bohm
|
0-0: Foul Ball, location: 2F 0-1: Ball 1-1: Foul Ball, location: 2F 1-2: SINGLE (Flyball, 78S, EV 96.2 MPH) Gojko Golob to third Runner from 3rd tries for Home, throw by CF and OUT! 8-2
|
Bottom of the 5th over - 0 runs, 3 hits, 0 errors, 1 left on base; Victoria 0 - Oakland 8 |
TOP OF THE 6TH |
Victoria Capitals batting - Pitching for Oakland Oaks : RHP Corbin Schenn
|
Batting: RHB David Greene
|
0-0: Swinging Strike 0-1: Called Strike 0-2: Strikes out looking
|
Batting: RHB John Vasquez
|
0-0: Called Strike 0-1: Foul Ball, location: 2F 0-2: Strikes out swinging
|
Batting: RHB Enrique Valdez
|
0-0: Ball 1-0: Ball 2-0: Ball 3-0: Called Strike 3-1: Fly out, F4 (Line Drive, 4, EV 65.0 MPH)
|
Top of the 6th over - 0 runs, 0 hits, 0 errors, 0 left on base; Victoria 0 - Oakland 8 |
BOTTOM OF THE 6TH |
Oakland Oaks batting - Pitching for Victoria Capitals : RHP Bill Porter
|
Pitching: LHP Chris Wheeler
|
|
Batting: RHB Larry Clark
|
0-0: SINGLE (Popup, 23, EV 85.0 MPH)
|
Batting: SHB D.J. Codd
|
0-0: Ball 1-0: Ball 2-0: Foul Ball, location: 2F 2-1: Called Strike 2-2: Ball 3-2: Base on Balls Larry Clark to second
|
Batting: LHB Alejandro Muniz
|
0-0: Ball 1-0: Grounds into double play, 4-6-3 (Groundball, 4, EV 89.4 MPH) Larry Clark to third
|
Batting: RHB Tim Cordle
|
0-0: SINGLE (Groundball, 4M, EV 108.8 MPH) (infield hit) Larry Clark scores
|
Batting: RHB Shannon Beck
|
0-0: Foul Ball, location: 2F Balk! Tim Cordle to second 0-1: Ball 1-1: Ball 2-1: Swinging Strike 2-2: Ball 3-2: Foul Ball, location: 2F 3-2: Ground out 5-3 (Groundball, 56, EV 93.8 MPH)
|
Bottom of the 6th over - 1 run, 2 hits, 0 errors, 1 left on base; Victoria 0 - Oakland 9 |
TOP OF THE 7TH |
Victoria Capitals batting - Pitching for Oakland Oaks : RHP Corbin Schenn
|
Batting: RHB Mike Conaway
|
0-0: Foul Ball, location: 2F 0-1: Ball 1-1: Swinging Strike 1-2: Foul Ball, location: 2F 1-2: Strikes out swinging
|
Pitching: LHP Kevin Barteaux
|
|
Batting: SHB Ray Skogen
|
0-0: Swinging Strike 0-1: Ball 1-1: Foul Ball, location: 2F 1-2: Ball 2-2: Foul Ball, location: 2F 2-2: Hit by Pitch
|
Batting: LHB Addisu Nyamekye
|
0-0: Called Strike Ray Skogen steals 2nd base (no throw) 0-1: Ball 1-1: Ground out 4-3 (Groundball, 34D, EV 103.1 MPH) Ray Skogen to third
|
Pinch Hitting: LHB William Gonzales
|
0-0: Ball 1-0: Called Strike 1-1: Ball 2-1: Swinging Strike 2-2: Ball 3-2: Strikes out swinging
|
Top of the 7th over - 0 runs, 0 hits, 0 errors, 1 left on base; Victoria 0 - Oakland 9 |
BOTTOM OF THE 7TH |
Oakland Oaks batting - Pitching for Victoria Capitals : LHP Chris Wheeler
|
Now at 1B: William Gonzales
|
|
Pinch Hitting: RHB Antonio Olivares
|
0-0: Ground out 5-3 (Groundball, 56S, EV 63.8 MPH)
|
Batting: RHB Tim Anderson
|
0-0: Ball 1-0: Foul Ball, location: 2F 1-1: Ball 2-1: Foul Ball, location: 2F 2-2: Ball 3-2: Foul Ball, location: 2F 3-2: Ground out 6-3 (Groundball, 56, EV 105.0 MPH)
|
Batting: RHB Gojko Golob
|
0-0: Ball 1-0: Ball 2-0: Ball 3-0: Called Strike 3-1: Foul Ball, location: 2F 3-2: Fly out, F8 (Flyball, 8LS, EV 88.1 MPH)
|
Bottom of the 7th over - 0 runs, 0 hits, 0 errors, 0 left on base; Victoria 0 - Oakland 9 |
TOP OF THE 8TH |
Victoria Capitals batting - Pitching for Oakland Oaks : LHP Kevin Barteaux
|
Now in RF: Alberto Malagon
|
|
Batting: RHB Jose Zuniga
|
0-0: Ball 1-0: Ball 2-0: Swinging Strike 2-1: Swinging Strike 2-2: Foul Ball, location: 2F 2-2: Strikes out swinging
|
Batting: RHB Victor Ramirez
|
0-0: Ball 1-0: Foul Ball, location: 2F 1-1: Ball 2-1: Ground out 4-3 (Groundball, 4, EV 90.6 MPH)
|
Batting: RHB David Greene
|
0-0: Ball 1-0: Foul Ball, location: 2F 1-1: Ball 2-1: Ball 3-1: Called Strike 3-2: Foul Ball, location: 2F 3-2: Ground out 5-3 (Groundball, 56S, EV 87.5 MPH)
|
Top of the 8th over - 0 runs, 0 hits, 0 errors, 0 left on base; Victoria 0 - Oakland 9 |
BOTTOM OF THE 8TH |
Oakland Oaks batting - Pitching for Victoria Capitals : LHP Chris Wheeler
|
Batting: RHB Chris Bohm
|
0-0: Foul Ball, location: 2F 0-1: Called Strike 0-2: Ball 1-2: Foul Ball, location: 2F 1-2: SINGLE (Groundball, 5S, EV 68.1 MPH) (infield hit)
|
Pitching: RHP Daniel Villalobos
|
|
Batting: RHB Larry Clark
|
0-0: Foul Ball, location: 2F 0-1: Ball 1-1: Swinging Strike 1-2: Strikes out swinging
|
Batting: SHB D.J. Codd
|
0-0: Swinging Strike 0-1: Ball 1-1: Foul Ball, location: 2F 1-2: Foul Ball, location: 2F 1-2: Foul Ball, location: 2F 1-2: Ball 2-2: Ball 3-2: 2-RUN HOME RUN (Flyball, 8RXD, EV 112.5 MPH), Distance : 446 ft
|
Batting: LHB Alejandro Muniz
|
0-0: Foul Ball, location: 2F 0-1: Foul Ball, location: 2F 0-2: Fly out, F4 (Line Drive, 4, EV 60.6 MPH)
|
Pinch Hitting: SHB Steve Salafia
|
0-0: Foul Ball, location: 2F 0-1: Ball 1-1: SINGLE (Groundball, 56D, EV 102.5 MPH)
|
Batting: RHB Shannon Beck
|
0-0: Ball 1-0: Called Strike 1-1: Ball Wild Pitch! Steve Salafia to second 2-1: Foul Ball, location: 2F 2-2: Strikes out swinging
|
Bottom of the 8th over - 2 runs, 3 hits, 0 errors, 1 left on base; Victoria 0 - Oakland 11 |
TOP OF THE 9TH |
Victoria Capitals batting - Pitching for Oakland Oaks : LHP Kevin Barteaux
|
Now at 2B: Steve Salafia
|
|
Now at 3B: Tim Anderson
|
|
Batting: RHB John Vasquez
|
0-0: Called Strike 0-1: Called Strike 0-2: Foul Ball, location: 2F 0-2: Strikes out swinging
|
Batting: RHB Enrique Valdez
|
0-0: Ball 1-0: Foul Ball, location: 2F 1-1: Foul Ball, location: 2F 1-2: Ball 2-2: Strikes out swinging
|
Batting: RHB Mike Conaway
|
0-0: Ball 1-0: Called Strike 1-1: Ground out 6-3 (Groundball, 56D, EV 107.5 MPH)
|
Top of the 9th over - 0 runs, 0 hits, 0 errors, 0 left on base; Victoria 0 - Oakland 11 |
|